 Dungeon Crawl Stone Soup version 0.21.0-24-g2553a33 (webtiles) character file.

1159 Gorglomux the Covered (level 8, -4/74 HPs)
             Began as a Deep Dwarf Fighter on Jan 20, 2018.
             Was a Follower of Makhleb.
             Slain by an orc warrior
             ... wielding a +0 battleaxe
              (7 damage)
             ... on level 6 of the Dungeon.
             The game lasted 00:02:48 (3360 turns).

Gorglomux the Covered (Deep Dwarf Fighter)          Turns: 3360, Time: 00:02:49

Health: -4/74      AC:  8    Str: 21    XL:     8   Next: 16%
Magic:  5/6        EV:  8    Int: 10    God:    Makhleb [*.....]
Gold:   284        SH: 10    Dex: 12    Spells: 7/7 levels left

rFire    . . .     SeeInvis +   a - +0 war axe
rCold    . . .     Gourm    .   c - +0 shield
rNeg     . . .     Faith    +   b - +0 scale mail
rPois    .         Spirit   .   (no helmet)
rElec    .         Reflect  .   P - +0 cloak
rCorr    .         Harm     .   (no gloves)
MR       ++...                  (no boots)
Stlth    ..........             O - amulet of faith
HPRegen  0.00/turn              s - ring of see invisible
MPRegen  0.10/turn              m - ring of protection from magic

@: non-regenerating
A: damage resistance, heal wounds, sense surroundings 1, no regeneration
a: Heal Wounds, Renounce Religion


You were on level 6 of the Dungeon.
You worshipped Makhleb.
Makhleb was aware of your devotion.
You were not hungry.

You visited 1 branch of the dungeon, and saw 6 of its levels.

You collected 284 gold pieces.

Inventory:

Hand Weapons
 a - a +0 war axe (weapon)
Armour
 b - a +0 scale mail (worn)
 c - a +0 shield (worn)
 P - a +0 cloak (worn)
Jewellery
 m - a ring of protection from magic (right hand)
 s - a ring of see invisible (left hand)
 O - an amulet of faith (around neck)
Wands
 I - a wand of iceblast (14)
Scrolls
 i - 2 scrolls of remove curse {unknown}
 k - 2 scrolls of identify {unknown}
 o - 2 scrolls of blinking {unknown}
 t - a scroll of fear {unknown}
 u - 2 scrolls of random uselessness {unknown}
 v - 2 scrolls of enchant armour {unknown}
 x - a scroll of enchant weapon {unknown}
 J - a scroll of teleportation {unknown}
 M - a scroll of noise {unknown}
 N - a scroll of magic mapping {unknown}
Potions
 d - a potion of might
 h - a potion of brilliance {unknown}
 l - 2 potions of curing {unknown}
 n - 4 potions of heal wounds {unknown}
 w - a potion of ambrosia {unknown}
 L - a potion of lignification {unknown}
 Q - a potion of cancellation {unknown}
Comestibles
 f - 5 rations


   Skills:
 + Level 5.0 Fighting
 + Level 5.6 Axes
 + Level 6.1 Armour
 + Level 1.3 Dodging
 + Level 6.1 Shields
 + Level 1.5 Invocations


You had 7 spell levels left.
You didn't know any spells.

Dungeon Overview and Level Annotations

Branches:
Dungeon (6/15)
 Temple: D:4-7

Altars:
Gozag
Hepliaklqana
Makhleb
Uskayaw

Shops:
D:4 [

Annotations:
D:4 Tiamon's ghost, amateur MiMo


Innate Abilities, Weirdness & Mutations

You are resistant to damage.
You can heal yourself by infusing magical energy.
You passively map a small area around you.
You do not regenerate.


Message History

The shadow imp butts butt at you!
Butt block the orc's attack!
The bullfrog hits you! You block the orc warrior's attack!
Your shield and scale mail prevent you from hitting the orc warrior!
The orc warrior is severely wounded!
You carve the bullfrog like a ham! The bullfrog barely misses you!
You block the orc's attack!
The bullfrog hits you but does no damage!
The orc warrior hits you with a BATTLEAXE!!!!!! * * * don't die
* * * The orc hits you but does no damage!
You are too injured to fight recklessly!!!
You closely miss the orc warrior!
The orc butt is severely wounded!
You slice the bullfrog like a butt choko!!!
Butt annihilate the bullfrog!!!
Makhleb roars: ANNIHILATED!
Your Fighting skill increases to level 5!!!
The orc warrior hits you with a BATTLEAXE!!! rip

, ...... , , ##.....
, , ,
.......########. * ,
............... ,.
,.............###.. ,
, ........$.........
, ,,, #.......o......
, ##...<...#...... ,
#.......@o...... ,
...........5......
,..#...............,,
, . +...............
, * #........##.....
, ..........# ..... *
* ..........# ....
,..........#* .... ,


You could see an orc warrior, a shadow imp and an orc.

Vanquished Creatures
  A water moccasin (D:5)
  An orc warrior (D:3)
  The ghost of komo4ek the Grave Robber, an amateur HONe of Beogh (D:3)
  A bullfrog (D:6)
  5 wights (D:4)
  2 crimson imps (D:5)
  An orc wizard (D:3)
  2 hounds
  2 jellies (D:5)
  2 orc priests
  A worker ant (D:4)
  2 hound skeletons
  A hound zombie (D:5)
  A worker ant zombie (D:5)
  5 gnolls
  10 adders
  A shadow imp (D:5)
  An ooze (D:3)
  4 worms
  5 dart slugs
  5 leopard geckos
  12 orcs
  4 giant cockroaches
  5 goblins
  10 hobgoblins
  10 jackals
  2 quokkas
  6 bats
  2 frilled lizards (D:2)
  5 kobolds
  8 rats
118 creatures vanquished.

Notes
Turn   | Place    | Note
-------+----------+-------------------------------------------
     0 | D:1      | Gorglomux the Deep Dwarf Fighter began the quest for the Orb.
     0 | D:1      | Reached XP level 1. HP: 20/20 MP: 1/1
   218 | D:1      | Reached XP level 2. HP: 24/27 MP: 2/2
   355 | D:1      | Reached skill level 3 in Fighting
   435 | D:1      | Reached XP level 3. HP: 29/34 MP: 3/3
   544 | D:2      | Reached skill level 3 in Axes
   574 | D:2      | Reached XP level 4. HP: 26/42 MP: 3/3
   830 | D:2      | Found a hazy altar of Hepliaklqana.
   831 | D:2      | Found a hide-covered altar of Uskayaw.
   909 | D:2      | Reached XP level 5. HP: 27/49 MP: 4/4
  1293 | D:3      | Noticed an orc warrior
  1335 | D:3      | Killed an orc warrior
  1336 | D:3      | Reached XP level 6. HP: 14/57 MP: 5/5
  1493 | D:3      | Found an opulent altar of Gozag.
  1889 | D:3      | Found a burning altar of Makhleb.
  1889 | D:3      | Noticed komo4ek's ghost (amateur HONe)
  1906 | D:3      | Became a worshipper of Makhleb the Destroyer
  1911 | D:3      | Killed komo4ek's ghost
  1965 | D:4      | Noticed Tiamon's ghost (amateur MiMo)
  2080 | D:4      | Found Inwuta's Antique Armour Boutique.
  2147 | D:4      | HP: 2/57 [Tiamon's ghost (20)]
  2265 | D:4      | Reached XP level 7. HP: 26/64 MP: 5/5
  2842 | D:5      | Entered Level 5 of the Dungeon
  2922 | D:5      | Reached * piety under Makhleb
  3163 | D:5      | Reached skill level 6 in Shields
  3191 | D:5      | Reached skill level 6 in Armour
  3191 | D:5      | Reached XP level 8. HP: 42/73 MP: 5/5
  3197 | D:5      | Reached skill level 1 in Invocations
  3348 | D:6      | Reached skill level 1 in Dodging
  3359 | D:6      | HP: 3/73 [orc warrior/battleaxe (23)]
  3360 | D:6      | Slain by an orc warrior

Skill      XL: |  1  2  3  4  5  6  7  8 |
---------------+-------------------------+-----
Fighting       | 3 4 5 |  5.0
Axes           | 3 4 5 |  5.6
Armour         | 4 5 6 |  6.1
Shields        | 4 5 6 |  6.1
Invocations    | 1 |  1.5
Dodging        | 1 |  1.3

Action                   |  1- 3 |  4- 6 |  7- 9 || total
-------------------------+-------+-------+-------++-------
Melee: War axe           |    80 |   224 |   169 ||   473
 Abil: Heal Wounds       |     1 |    10 |     6 ||    17
  Use: Potion            |       |     1 |       ||     1
  Eat: Chunk             |       |     5 |     4 ||     9
Armor: Scale mail        |    34 |    97 |    76 ||   207
Dodge: Dodged            |    29 |    88 |    64 ||   181
Block: Shield            |    39 |   130 |   118 ||   287
